[ AOE2 MATCH · #506095598 ]
UnrankedVietnamese vs Muisca
Player's team · LOSS
Rival team · WIN
[ REPLAY ANALYSIS · EXTRACTED FROM THE RECORDED GAME ]
Feudal
10:34
Castle
21:32
Imperial
—
| APM avg | 33.3 |
| APM peak | 71 |
| eAPM avg | 14.6 |
| Villagers / military | 67 / 32 |
Focus
⚔️ 18.9% · 🌾 81.1%
Rattan Archer ×14 · Militia ×7 · Skirmisher ×7 · Mangonel ×4
Feudal
9:16
Castle
19:31
Imperial
—
| APM avg | 88.9 |
| APM peak | 121 |
| eAPM avg | 29.5 |
| Villagers / military | 121 / 42 |
Focus
⚔️ 38.4% · 🌾 61.6%
Archer ×24 · Skirmisher ×12 · Mangonel ×5 · Unknown (2550) ×5 · Battering Ram ×1
Match map
Initial resources + every placement click. Lines = walls · curves = elevation contours. ◆ gold · ⬟ stone · ● berries · ✦ relic · ◌ wall gap
Your base· ✓ Closed at 21:32 · 4t walls · 1 gate(s)
[bS']Socksyy's base· Open — 4t gap
Smoothed initial terrain · ◌ = detected wall gap · hover for details
Inputs per minute
— marius_590 - - [bS']Socksyy
Build order — marius_590
First 150 of 166 actions detected
| 0:00 | Queue | Villager (Male) ×4 |
| 0:00 | Queue | Villager (Male) ×4 |
| 0:02 | Build | House |
| 0:04 | Build | House |
| 1:34 | Queue | Villager (Male) |
| 1:34 | Queue | Villager (Male) |
| 1:50 | Build | Lumber Camp |
| 1:52 | Queue | Villager (Male) |
| 2:20 | Queue | Villager (Male) |
| 2:51 | Queue | Villager (Male) |
| 2:51 | Queue | Villager (Male) |
| 3:25 | Build | House |
| 3:27 | Build | House |
| 3:32 | Queue | Villager (Male) |
| 4:02 | Queue | Villager (Male) |
| 4:24 | Build | Mill |
| 4:28 | Queue | Villager (Male) |
| 4:45 | Queue | Villager (Male) |
| 5:08 | Queue | Villager (Male) |
| 5:34 | Queue | Villager (Male) |
| 5:57 | Queue | Villager (Male) |
| 6:28 | Research | Loom |
| 6:57 | Queue | Villager (Male) |
| 7:07 | Build | Mining Camp |
| 7:20 | Queue | Villager (Male) |
| 7:40 | Build | Barracks |
| 7:53 | Queue | Villager (Male) |
| 8:02 | Build | House |
| 8:24 | Research | Feudal Age |
| 8:24 | Research | Feudal Age |
| 8:32 | Build | House |
| 8:36 | Queue | Militia |
| 8:55 | Queue | Militia |
| 9:17 | Build | Palisade Wall |
| 9:23 | Queue | Militia |
| 9:28 | Build | Palisade Gate |
| 9:44 | Queue | Villager (Male) |
| 10:10 | Queue | Villager (Male) |
| 10:14 | Queue | Militia |
| 10:34 | Age | Feudal Age |
| 10:34 | Queue | Militia |
| 10:55 | Queue | Militia |
| 11:12 | Queue | Villager (Male) |
| 11:34 | Queue | Villager (Male) |
| 11:34 | Queue | Villager (Male) |
| 11:38 | Queue | Militia |
| 11:50 | Build | House |
| 11:56 | Build | Market |
| 12:05 | Build | House |
| 12:11 | Build | Watch Tower |
| 12:15 | Queue | Villager (Male) |
| 12:15 | Queue | Villager (Male) |
| 12:23 | Build | Blacksmith |
| 12:33 | Research | Double-Bit Axe |
| 12:37 | Research | Horse Collar |
| 13:08 | Build | Archery Range |
| 13:14 | Build | House |
| 13:17 | Queue | Villager (Male) |
| 13:30 | Research | Fletching |
| 13:30 | Research | Fletching |
| 13:44 | Queue | Villager (Male) |
| 13:47 | Build | Farm |
| 13:50 | Build | Farm |
| 13:52 | Build | Farm |
| 14:01 | Queue | Skirmisher |
| 14:01 | Queue | Skirmisher |
| 14:14 | Queue | Villager (Male) |
| 14:17 | Build | Farm |
| 14:17 | Build | Farm |
| 14:22 | Build | Farm |
| 14:29 | Queue | Villager (Male) |
| 14:47 | Queue | Villager (Male) |
| 14:50 | Build | Farm |
| 14:53 | Build | Farm |
| 14:55 | Build | Farm |
| 15:06 | Queue | Skirmisher |
| 15:26 | Queue | Skirmisher |
| 15:29 | Build | House |
| 15:38 | Build | Farm |
| 15:51 | Queue | Skirmisher |
| 15:51 | Queue | Skirmisher |
| 16:06 | Queue | Skirmisher |
| 16:10 | Research | Padded Archer Armor |
| 16:17 | Build | Farm |
| 16:22 | Queue | Villager (Male) |
| 16:22 | Queue | Villager (Male) |
| 16:26 | Build | Farm |
| 16:30 | Build | Farm |
| 16:31 | Build | Farm |
| 16:44 | Queue | Villager (Male) |
| 16:52 | Build | House |
| 16:56 | Build | House |
| 17:01 | Research | Wheelbarrow |
| 17:24 | Build | Farm |
| 17:27 | Build | Farm |
| 17:28 | Build | Farm |
| 17:33 | Build | Farm |
| 17:42 | Queue | Villager (Male) |
| 18:07 | Queue | Villager (Male) |
| 18:19 | Build | Mining Camp |
| 18:52 | Research | Castle Age |
| 18:52 | Research | Castle Age |
| 19:09 | Build | House |
| 20:54 | Build | Watch Tower |
| 21:32 | Age | Castle Age |
| 21:40 | Queue | Villager (Male) |
| 21:51 | Build | Castle |
| 22:03 | Build | University |
| 22:10 | Queue | Villager (Male) |
| 22:10 | Queue | Villager (Male) |
| 22:35 | Queue | Villager (Male) |
| 22:39 | Queue | Rattan Archer |
| 22:40 | Queue | Rattan Archer |
| 22:53 | Research | Ballistics |
| 22:59 | Queue | Villager (Male) |
| 23:19 | Queue | Rattan Archer |
| 23:20 | Queue | Rattan Archer |
| 23:40 | Research | Bodkin Arrow |
| 23:44 | Queue | Villager (Male) |
| 23:44 | Queue | Villager (Male) |
| 23:56 | Queue | Rattan Archer |
| 23:56 | Queue | Rattan Archer |
| 24:07 | Queue | Villager (Male) |
| 24:35 | Queue | Villager (Male) |
| 24:37 | Queue | Villager (Male) |
| 24:54 | Build | Market |
| 25:07 | Queue | Villager (Male) |
| 25:08 | Queue | Villager (Male) |
| 25:31 | Queue | Villager (Male) |
| 25:53 | Queue | Rattan Archer |
| 25:53 | Queue | Rattan Archer |
| 25:53 | Queue | Rattan Archer |
| 25:55 | Queue | Rattan Archer |
| 26:12 | Build | Siege Workshop |
| 26:16 | Queue | Villager (Male) |
| 26:18 | Research | Leather Archer Armor |
| 26:24 | Queue | Rattan Archer |
| 26:52 | Queue | Mangonel |
| 27:38 | Queue | Villager (Male) |
| 27:38 | Queue | Villager (Male) |
| 27:40 | Build | Farm |
| 27:40 | Build | Farm |
| 27:41 | Build | Farm |
| 27:59 | Queue | Rattan Archer |
| 27:59 | Queue | Rattan Archer |
| 28:31 | Queue | Mangonel |
| 28:35 | Queue | Villager (Male) |
| 28:36 | Build | Farm |
| 28:41 | Build | Farm |
| 28:42 | Build | House |
Build order — [bS']Socksyy
First 150 of 286 actions detected
| 0:00 | Queue | Villager (Male) |
| 0:02 | Build | House |
| 0:05 | Build | House |
| 0:10 | Queue | Villager (Male) |
| 0:11 | Queue | Villager (Male) |
| 0:21 | Queue | Villager (Male) |
| 1:26 | Queue | Villager (Male) |
| 1:53 | Queue | Villager (Male) |
| 2:16 | Build | Settlement |
| 2:24 | Queue | Villager (Male) |
| 2:25 | Queue | Villager (Male) |
| 2:25 | Queue | Villager (Male) |
| 2:52 | Queue | Villager (Male) |
| 2:53 | Queue | Villager (Male) |
| 2:57 | Queue | Villager (Male) |
| 3:32 | Queue | Villager (Male) |
| 3:56 | Queue | Villager (Male) |
| 3:56 | Queue | Villager (Male) |
| 4:24 | Queue | Villager (Male) |
| 4:42 | Queue | Villager (Male) |
| 5:07 | Build | Barracks |
| 5:15 | Queue | Villager (Male) |
| 5:44 | Queue | Villager (Male) |
| 5:50 | Build | House |
| 6:10 | Build | Settlement |
| 6:15 | Research | Loom |
| 6:39 | Queue | Villager (Male) |
| 7:00 | Research | Feudal Age |
| 7:00 | Research | Feudal Age |
| 7:19 | Queue | Unit 2550 |
| 7:19 | Queue | Unit 2550 |
| 7:43 | Build | Settlement |
| 7:49 | Queue | Unit 2550 |
| 8:02 | Build | Settlement |
| 8:23 | Queue | Unit 2550 |
| 8:25 | Queue | Villager (Male) |
| 9:16 | Age | Feudal Age |
| 9:16 | Research | Tech 1402 |
| 9:16 | Research | Tech 1402 |
| 9:29 | Build | Archery Range |
| 9:35 | Research | Double-Bit Axe |
| 9:39 | Queue | Villager (Male) |
| 10:13 | Queue | Villager (Male) |
| 10:32 | Queue | Villager (Male) |
| 10:33 | Queue | Archer |
| 10:49 | Queue | Archer |
| 10:56 | Queue | Villager (Male) |
| 11:25 | Queue | Villager (Male) |
| 11:29 | Queue | Archer |
| 11:41 | Build | Farm |
| 11:42 | Build | Farm |
| 11:51 | Queue | Villager (Male) |
| 12:21 | Queue | Villager (Male) |
| 12:32 | Queue | Villager (Male) |
| 12:34 | Queue | Archer |
| 12:38 | Research | Horse Collar |
| 12:59 | Queue | Archer |
| 13:06 | Queue | Villager (Male) |
| 13:10 | Build | House |
| 13:23 | Build | Blacksmith |
| 13:28 | Queue | Archer |
| 13:31 | Queue | Villager (Male) |
| 13:34 | Build | Farm |
| 13:42 | Queue | Villager (Male) |
| 13:44 | Build | House |
| 14:03 | Build | Farm |
| 14:04 | Build | Farm |
| 14:05 | Build | Farm |
| 14:06 | Build | Farm |
| 14:15 | Queue | Archer |
| 14:18 | Queue | Villager (Male) |
| 14:20 | Build | Farm |
| 14:29 | Build | Farm |
| 14:42 | Queue | Villager (Male) |
| 14:48 | Research | Fletching |
| 14:51 | Queue | Archer |
| 15:01 | Build | Farm |
| 15:03 | Build | Farm |
| 15:18 | Queue | Villager (Male) |
| 15:24 | Queue | Archer |
| 15:26 | Build | Farm |
| 15:46 | Queue | Villager (Male) |
| 15:49 | Queue | Archer |
| 16:07 | Queue | Archer |
| 16:07 | Queue | Villager (Male) |
| 16:20 | Build | Farm |
| 16:51 | Research | Castle Age |
| 16:51 | Research | Castle Age |
| 16:56 | Build | Archery Range |
| 16:59 | Queue | Archer |
| 17:22 | Research | Gold Mining |
| 17:46 | Build | House |
| 17:47 | Build | House |
| 17:50 | Queue | Archer |
| 17:50 | Queue | Archer |
| 18:08 | Queue | Unit 2550 |
| 18:23 | Build | House |
| 18:24 | Build | Palisade Wall |
| 18:25 | Build | House |
| 18:26 | Build | Palisade Wall |
| 18:31 | Queue | Archer |
| 18:31 | Queue | Archer |
| 19:02 | Queue | Villager (Male) |
| 19:31 | Age | Castle Age |
| 19:33 | Research | Crossbowman (upgrade) |
| 19:35 | Research | Bow Saw |
| 19:39 | Research | Wheelbarrow |
| 19:55 | Research | Bodkin Arrow |
| 19:55 | Research | Bodkin Arrow |
| 19:56 | Queue | Archer |
| 19:56 | Queue | Archer |
| 20:09 | Build | Siege Workshop |
| 20:17 | Queue | Villager (Male) |
| 20:27 | Queue | Archer |
| 20:27 | Queue | Archer |
| 20:35 | Build | Town Center |
| 20:48 | Queue | Villager (Male) |
| 20:49 | Queue | Archer |
| 20:50 | Queue | Archer |
| 21:19 | Queue | Villager (Male) |
| 21:29 | Queue | Villager (Male) |
| 21:35 | Queue | Villager (Male) |
| 21:38 | Queue | Archer |
| 21:38 | Queue | Archer |
| 21:41 | Build | House |
| 21:50 | Queue | Villager (Male) |
| 21:56 | Research | Town Watch |
| 21:59 | Queue | Mangonel |
| 22:09 | Queue | Villager (Male) |
| 22:09 | Queue | Villager (Male) |
| 22:26 | Queue | Villager (Male) |
| 22:26 | Queue | Mangonel |
| 22:29 | Build | House |
| 22:38 | Build | Town Center |
| 22:48 | Queue | Villager (Male) |
| 22:56 | Queue | Villager (Male) |
| 23:02 | Queue | Villager (Male) |
| 23:05 | Research | Padded Archer Armor |
| 23:06 | Research | Padded Archer Armor |
| 23:11 | Build | Farm |
| 23:12 | Build | Farm |
| 23:17 | Build | House |
| 23:27 | Build | Farm |
| 23:29 | Build | Farm |
| 23:29 | Build | Farm |
| 23:34 | Queue | Villager (Male) |
| 23:44 | Queue | Villager (Male) |
| 23:56 | Queue | Villager (Male) |
| 23:58 | Build | Farm |
| 24:00 | Queue | Villager (Male) |
Match timeline
| 5:07 | [bS']Socksyy · first_building Barracks |
| 7:40 | marius_590 · first_building Barracks |
| 9:16 | [bS']Socksyy · age_up feudal |
| 9:17 | marius_590 · wall_segment Palisade Wall x4 |
| 9:29 | [bS']Socksyy · first_building Archery Range |
| 10:34 | marius_590 · age_up feudal |
| 13:08 | marius_590 · first_building Archery Range |
| 17:37 | marius_590 · first_market_buy 100 food |
| 17:57 | marius_590 · first_market_sell 100 wood |
| 18:24 | [bS']Socksyy · wall_segment Palisade Wall x1 |
| 18:26 | [bS']Socksyy · wall_segment Palisade Wall x1 |
| 19:31 | [bS']Socksyy · age_up castle |
| 20:09 | [bS']Socksyy · first_building Siege Workshop |
| 21:32 | marius_590 · age_up castle |
| 21:51 | marius_590 · first_building Castle |
| 26:12 | marius_590 · first_building Siege Workshop |
| 28:35 | [bS']Socksyy · first_market_sell 100 wood |
| 28:36 | [bS']Socksyy · first_market_buy 100 stone |
| 31:21 | [bS']Socksyy · first_building Monastery |
| 31:53 | marius_590 · resign |
[ AI ANALYSIS · 1 CREDIT ]
What really happened in this match?
Wolo.gg analyzes every decision: build order, eco, micro, common mistakes by bracket. Personalized analysis on WhatsApp or Discord in 30 seconds.
Civ guide
Vietnamese
Perfil
Jugador #820812